TOP OF THE 1ST |
Kansas City Kings batting - Pitching for Philadelphia Athletics : RHP Kijuro Shini
|
Pitching: RHP Kijuro Shini
|
|
Batting: SHB Douglas Taylor
|
0-0: Ball 1-0: Ground out 6-3 (Groundball, 6)
|
Batting: RHB Dave Parker
|
0-0: Ball 1-0: Called Strike 1-1: Fly out, F5 (Popup, 15)
|
Batting: RHB Chris Chandler
|
0-0: DOUBLE (Line Drive, 78D)
|
Batting: LHB Ron Crawford
|
0-0: Called Strike 0-1: Ball 1-1: Swinging Strike 1-2: Strikes out swinging
|
Top of the 1st over - 0 runs, 1 hit, 0 errors, 1 left on base; Kansas City 0 - Philadelphia 0 |
BOTTOM OF THE 1ST |
Philadelphia Athletics batting - Pitching for Kansas City Kings : LHP Keith Swanson
|
Pitching: LHP Keith Swanson
|
|
Batting: RHB César García
|
0-0: Called Strike 0-1: Ball 1-1: Ground out 6-3 (Groundball, 6)
|
Batting: LHB John Peterson
|
0-0: Ball 1-0: Foul Ball, location: 2F 1-1: Ground out 3-1 (Groundball, 34)
|
Batting: RHB Tony Morton
|
0-0: Called Strike 0-1: Ball 1-1: SOLO HOME RUN (Line Drive, 7D), Distance : 430 ft
|
Batting: LHB Carter Sweet
|
0-0: Ball 1-0: Called Strike 1-1: Foul Ball, location: 2F 1-2: SOLO HOME RUN (Flyball, 9LD), Distance : 375 ft
|
Batting: RHB Valentín Borges
|
0-0: Called Strike 0-1: Ball 1-1: Ball 2-1: Ball 3-1: Foul Ball, location: 2F 3-2: Foul Ball, location: 2F 3-2: Strikes out looking
|
Bottom of the 1st over - 2 runs, 2 hits, 0 errors, 0 left on base; Kansas City 0 - Philadelphia 2 |
TOP OF THE 2ND |
Kansas City Kings batting - Pitching for Philadelphia Athletics : RHP Kijuro Shini
|
Batting: RHB John Anderson
|
0-0: Ball 1-0: Ball 2-0: Ball 3-0: Base on Balls
|
Batting: RHB Eric Fuller
|
0-0: Foul Ball, location: 2F 0-1: Swinging Strike 0-2: Strikes out looking
|
Batting: RHB Gregg Nelson
|
0-0: Ball 1-0: Ball 2-0: Ball 3-0: Base on Balls John Anderson to second
|
Batting: RHB Dennis Garner
|
0-0: Called Strike 0-1: Ball 1-1: Ball 2-1: Ball 3-1: Grounds into double play, 5-4-3 (Groundball, 56)
|
Top of the 2nd over - 0 runs, 0 hits, 0 errors, 1 left on base; Kansas City 0 - Philadelphia 2 |
BOTTOM OF THE 2ND |
Philadelphia Athletics batting - Pitching for Kansas City Kings : LHP Keith Swanson
|
Batting: RHB Anastasio Villa
|
0-0: Ball 1-0: Swinging Strike 1-1: Ball 2-1: Called Strike 2-2: Strikes out swinging
|
Batting: RHB Eric Neal
|
0-0: Ground out 5-3 (Groundball, 56S)
|
Batting: RHB Dick Slagboom
|
0-0: Called Strike 0-1: Foul Ball, location: 2F 0-2: Foul Ball, location: 2F 0-2: Fly out, F5 (Line Drive, 5)
|
Bottom of the 2nd over - 0 runs, 0 hits, 0 errors, 0 left on base; Kansas City 0 - Philadelphia 2 |
TOP OF THE 3RD |
Kansas City Kings batting - Pitching for Philadelphia Athletics : RHP Kijuro Shini
|
Batting: RHB Dave Anderson
|
0-0: Ground out 5-3 (Groundball, 56)
|
Batting: SHB Douglas Taylor
|
0-0: Foul Ball, location: 2F 0-1: Swinging Strike 0-2: Strikes out swinging
|
Pitching: RHP Butch Ramey
|
|
Batting: RHB Dave Parker
|
0-0: Ball 1-0: Ground out 4-3 (Groundball, 4M)
|
Top of the 3rd over - 0 runs, 0 hits, 0 errors, 0 left on base; Kansas City 0 - Philadelphia 2 |
BOTTOM OF THE 3RD |
Philadelphia Athletics batting - Pitching for Kansas City Kings : LHP Keith Swanson
|
Batting: SHB Héctor Padilla
|
0-0: Called Strike 0-1: Swinging Strike 0-2: Ball 1-2: Ball 2-2: Foul Ball, location: 2F 2-2: Ball 3-2: Strikes out looking
|
Batting: RHB César García
|
0-0: Ball 1-0: Called Strike 1-1: Fly out, F3 (Popup, 3)
|
Batting: LHB John Peterson
|
0-0: Foul Ball, location: 2F 0-1: SINGLE (Groundball, 4MD)
|
Batting: RHB Tony Morton
|
0-0: Ball 1-0: Called Strike 1-1: Ball 2-1: Swinging Strike 2-2: Foul Ball, location: 2F 2-2: Ball Throwing error on steal attempt, E2 John Peterson to third 3-2: SINGLE (Groundball, 3S) (infield hit) John Peterson scores
|
Batting: LHB Carter Sweet
|
0-0: Ball 1-0: Swinging Strike 1-1: Swinging Strike 1-2: Fly out, F7 (Flyball, 7S)
|
Bottom of the 3rd over - 1 run, 2 hits, 1 error, 1 left on base; Kansas City 0 - Philadelphia 3 |
TOP OF THE 4TH |
Kansas City Kings batting - Pitching for Philadelphia Athletics : RHP Butch Ramey
|
Batting: RHB Chris Chandler
|
0-0: Ball 1-0: Swinging Strike 1-1: Foul Ball, location: 2F 1-2: Foul Ball, location: 2F 1-2: Ball 2-2: Ball 3-2: Ground out 1-3 (Groundball, 15S)
|
Batting: LHB Ron Crawford
|
0-0: Swinging Strike 0-1: Fly out, F7 (Flyball, 7D)
|
Batting: RHB John Anderson
|
0-0: Called Strike 0-1: Ball 1-1: Swinging Strike 1-2: Ground out 1-3 (Groundball, 15)
|
Top of the 4th over - 0 runs, 0 hits, 0 errors, 0 left on base; Kansas City 0 - Philadelphia 3 |
BOTTOM OF THE 4TH |
Philadelphia Athletics batting - Pitching for Kansas City Kings : LHP Keith Swanson
|
Batting: RHB Valentín Borges
|
0-0: Called Strike 0-1: Called Strike 0-2: Strikes out swinging, 2-3 out at first.
|
Batting: RHB Anastasio Villa
|
0-0: Ball 1-0: Called Strike 1-1: Ball 2-1: Ball 3-1: Called Strike 3-2: Strikes out swinging
|
Batting: RHB Eric Neal
|
0-0: Ball 1-0: Ground out 3-1 (Groundball, 34)
|
Bottom of the 4th over - 0 runs, 0 hits, 0 errors, 0 left on base; Kansas City 0 - Philadelphia 3 |
TOP OF THE 5TH |
Kansas City Kings batting - Pitching for Philadelphia Athletics : RHP Butch Ramey
|
Batting: RHB Eric Fuller
|
0-0: Called Strike 0-1: Foul Ball, location: 2F 0-2: Ball 1-2: Ball 2-2: SINGLE (Groundball, 34D)
|
Batting: RHB Gregg Nelson
|
0-0: Ball 1-0: Ball 2-0: Foul Ball, location: 2F 2-1: Foul Ball, location: 2F 2-2: Grounds into double play, 5-4-3 (Groundball, 56)
|
Batting: RHB Dennis Garner
|
0-0: Called Strike 0-1: Ball 1-1: Swinging Strike 1-2: Ball 2-2: Strikes out swinging
|
Top of the 5th over - 0 runs, 1 hit, 0 errors, 0 left on base; Kansas City 0 - Philadelphia 3 |
BOTTOM OF THE 5TH |
Philadelphia Athletics batting - Pitching for Kansas City Kings : LHP Keith Swanson
|
Batting: RHB Dick Slagboom
|
0-0: Called Strike 0-1: Ball 1-1: Ball 2-1: Called Strike 2-2: Strikes out looking and he ARGUES THE CALL AND IS TOSSED!
|
Batting: SHB Héctor Padilla
|
0-0: Ball 1-0: Called Strike 1-1: Ball 2-1: Ground out 6-3 (Groundball, 6)
|
Batting: RHB César García
|
0-0: Ball 1-0: Swinging Strike 1-1: Ball 2-1: Ball 3-1: Swinging Strike 3-2: Strikes out swinging
|
Bottom of the 5th over - 0 runs, 0 hits, 0 errors, 0 left on base; Kansas City 0 - Philadelphia 3 |
TOP OF THE 6TH |
Kansas City Kings batting - Pitching for Philadelphia Athletics : RHP Butch Ramey
|
Now at C: Arturo Molina
|
|
Batting: RHB Dave Anderson
|
0-0: Ball 1-0: Swinging Strike 1-1: Called Strike 1-2: Ball 2-2: Ball 3-2: Fly out, F3 (Popup, 3F)
|
Batting: SHB Douglas Taylor
|
0-0: Fly out, F7 (Flyball, 7S)
|
Batting: RHB Dave Parker
|
0-0: Foul Ball, location: 2F 0-1: Foul Ball, location: 2F 0-2: Ground out 4-3 (Groundball, 4)
|
Top of the 6th over - 0 runs, 0 hits, 0 errors, 0 left on base; Kansas City 0 - Philadelphia 3 |
BOTTOM OF THE 6TH |
Philadelphia Athletics batting - Pitching for Kansas City Kings : LHP Keith Swanson
|
Batting: LHB John Peterson
|
0-0: Ball 1-0: Called Strike 1-1: Foul Ball, location: 2F 1-2: Fly out, F5 (Line Drive, 56)
|
Batting: RHB Tony Morton
|
0-0: Ball 1-0: Called Strike 1-1: Ball 2-1: Ball 3-1: Base on Balls
|
Batting: LHB Carter Sweet
|
0-0: Called Strike 0-1: Ball 1-1: Swinging Strike 1-2: Foul Ball, location: 2F 1-2: Ball 2-2: Ball Tony Morton steals 2nd base 3-2: Foul Ball, location: 2F 3-2: Base on Balls
|
Pitching: RHP Raymond Gregg
|
|
Batting: RHB Valentín Borges
|
0-0: Called Strike 0-1: Ball 1-1: Ball 2-1: Ball 3-1: Called Strike 3-2: Strikes out swinging
|
Batting: RHB Anastasio Villa
|
0-0: Called Strike 0-1: Called Strike 0-2: Ball 1-2: Strikes out looking
|
Bottom of the 6th over - 0 runs, 0 hits, 0 errors, 2 left on base; Kansas City 0 - Philadelphia 3 |
TOP OF THE 7TH |
Kansas City Kings batting - Pitching for Philadelphia Athletics : RHP Butch Ramey
|
Pitching: RHP Paco Ruíz
|
|
Batting: RHB Chris Chandler
|
0-0: SINGLE (Line Drive, 56)
|
Pitching: LHP Mario Tobías
|
|
Batting: LHB Ron Crawford
|
0-0: Fielders Choice at 2nd, 6-4 (Groundball, 6)
|
Pitching: RHP Ricardo Pérez
|
|
Batting: RHB John Anderson
|
0-0: Ball 1-0: Called Strike 1-1: Ball 2-1: Foul Ball, location: 2F 2-2: SINGLE (Flyball, 89M) Ron Crawford to second Runner from 2nd tries for 3rd, SAFE, no throw
|
Pitching: LHP Rob Greene
|
|
Batting: RHB Eric Fuller
|
0-0: Foul Ball, location: 2F 0-1: Ball 1-1: Foul Ball, location: 2F 1-2: Ground out U3 (Groundball, 3S) John Anderson to second
|
Batting: RHB Gregg Nelson
|
0-0: Swinging Strike 0-1: Foul Ball, location: 2F 0-2: Fly out, F4 (Popup, 4)
|
Top of the 7th over - 0 runs, 2 hits, 0 errors, 2 left on base; Kansas City 0 - Philadelphia 3 |
BOTTOM OF THE 7TH |
Philadelphia Athletics batting - Pitching for Kansas City Kings : RHP Raymond Gregg
|
Batting: RHB Eric Neal
|
0-0: Ball 1-0: Swinging Strike 1-1: Called Strike 1-2: Ball 2-2: Foul Ball, location: 2F 2-2: Ball 3-2: Ground out 6-3 (Groundball, 6)
|
Batting: LHB Arturo Molina
|
0-0: Ball 1-0: SINGLE (Groundball, 4D)
|
Batting: SHB Héctor Padilla
|
0-0: Ball 1-0: Ball Wild Pitch! Arturo Molina to second 2-0: Ball 3-0: Called Strike 3-1: Foul Ball, location: 2F 3-2: Fly out, F4 (Popup, 4M)
|
Batting: RHB César García
|
0-0: Ball 1-0: Ball 2-0: Fly out, F4 (Popup, 4MD)
|
Bottom of the 7th over - 0 runs, 1 hit, 0 errors, 1 left on base; Kansas City 0 - Philadelphia 3 |
TOP OF THE 8TH |
Kansas City Kings batting - Pitching for Philadelphia Athletics : LHP Rob Greene
|
Batting: RHB Dennis Garner
|
0-0: Called Strike 0-1: Fly out, F8 (Flyball, 8RM)
|
Batting: RHB Dave Anderson
|
0-0: Swinging Strike 0-1: Swinging Strike 0-2: Ball 1-2: Foul Ball, location: 2F 1-2: Ball 2-2: Ball 3-2: Strikes out swinging
|
Batting: SHB Douglas Taylor
|
0-0: Called Strike 0-1: Ball 1-1: Ball 2-1: Ground out 5-3 (Groundball, 5S)
|
Top of the 8th over - 0 runs, 0 hits, 0 errors, 0 left on base; Kansas City 0 - Philadelphia 3 |
BOTTOM OF THE 8TH |
Philadelphia Athletics batting - Pitching for Kansas City Kings : RHP Raymond Gregg
|
Batting: LHB John Peterson
|
0-0: Foul Ball, location: 2F 0-1: Ball 1-1: Foul Ball, location: 2F 1-2: Ground out 4-3 (Groundball, 4)
|
Batting: RHB Tony Morton
|
0-0: Ball 1-0: Ball 2-0: Fly out, F9 (Line Drive, 9D)
|
Batting: LHB Carter Sweet
|
0-0: Ball 1-0: Swinging Strike 1-1: Foul Ball, location: 2F 1-2: Ball 2-2: Strikes out swinging
|
Bottom of the 8th over - 0 runs, 0 hits, 0 errors, 0 left on base; Kansas City 0 - Philadelphia 3 |
TOP OF THE 9TH |
Kansas City Kings batting - Pitching for Philadelphia Athletics : LHP Rob Greene
|
Pitching: RHP António López
|
|
Batting: RHB Dave Parker
|
0-0: Ball 1-0: Called Strike 1-1: Foul Ball, location: 2F 1-2: Ball 2-2: Foul Ball, location: 2F 2-2: Fly out, F9 (Flyball, 9S)
|
Batting: RHB Chris Chandler
|
0-0: Swinging Strike 0-1: Ball 1-1: Ground out 4-3 (Groundball, 4)
|
Batting: LHB Ron Crawford
|
0-0: Foul Ball, location: 2F 0-1: Swinging Strike 0-2: Foul Ball, location: 2F 0-2: Ball 1-2: Foul Ball, location: 2F 1-2: Foul Ball, location: 2F 1-2: Ball 2-2: Ball 3-2: Ground out 5-3 (Groundball, 56S)
|
Top of the 9th over - 0 runs, 0 hits, 0 errors, 0 left on base; Kansas City 0 - Philadelphia 3 |
|